 Dungeon Crawl Stone Soup version 0.21.1-1-g345015f (webtiles) character file.

189 Iko the Ducker (level 5, -7/48 HPs)
             Began as a Troll Enchanter on May 11, 2018.
             Mangled by an ogre
             ... wielding a +0 giant spiked club
              (12 damage)
             ... on level 5 of the Dungeon.
             The game lasted 00:09:25 (840 turns).

Iko the Ducker (Troll Enchanter)                     Turns: 840, Time: 00:09:26

Health: -7/48      AC: 12    Str: 16    XL:     5   Next: 40%
Magic:  5/6        EV: 10    Int: 11    God:
Gold:   15         SH:  0    Dex: 11    Spells: 6/7 levels left

rFire    . . .     SeeInvis .   e - +0 mace (protect)
rCold    . . .     Gourm    +   (no shield)
rNeg     . . .     Faith    .   b - +0 robe
rPois    .         Spirit   .   (helmet restricted)
rElec    .         Reflect  .   (no cloak)
rCorr    .         Harm     .   (gloves unavailable)
MR       .....                  (boots unavailable)
Stlth    ++........             (no amulet)
HPRegen  0.56/turn              (no ring)
MPRegen  0.10/turn              (no ring)

@: protection aura
A: large, unfitting armour, claws 3, fast metabolism 3, gourmand, regeneration
1, shaggy fur 1, tough skin 2
a: no special abilities


You were on level 5 of the Dungeon.
You were not hungry.

You visited 1 branch of the dungeon, and saw 5 of its levels.

You collected 15 gold pieces.

Inventory:

Hand Weapons
 e - a +0 mace of protection (weapon)
Armour
 b - a +0 robe (worn)
Scrolls
 f - 2 scrolls of teleportation
Potions
 g - a potion of flight
Books
 c - a book of Maledictions

   Spells                             Type                      Level
   a - Corona                         Hexes                        1
   b - Ensorcelled Hibernation        Hexes/Ice                    2
   c - Confuse                        Hexes                        3
   d - Tukima's Dance                 Hexes                        3
   e - Dazzling Spray                 Conjuration/Hexes            3
Comestibles
 d - 2 rations


   Skills:
 + Level 1.4 Fighting
   Level 0.7 Short Blades
 + Level 2.3 Maces & Flails
 + Level 2.6 Dodging
 + Level 1.9 Stealth
 + Level 1.5 Spellcasting
 + Level 2.3 Hexes


You had 6 spell levels left.
You knew the following spells:

 Your Spells              Type           Power        Failure   Level  Hunger
a - Corona                Hex            #......      12%         1    ##.....


Dungeon Overview and Level Annotations

Branches:
Dungeon (5/15)
 Temple: D:4-7

Altars:


Innate Abilities, Weirdness & Mutations

You are too large for most types of armour.
You have claws for hands.
Your metabolism is lightning-fast.
You like to eat raw meat.
Your natural rate of healing is unusually fast.
You are covered in fur. (AC +1)
You have very tough skin. (AC +2)


Message History

The ogre barely misses you.
You hit the centaur but do no damage.
The centaur is almost dead.
The centaur hits you but does no damage.
The centaur closely misses you. The ogre barely misses you.
You hit the centaur but do no damage.
The centaur is almost dead.
The centaur barely misses you. x2
The ogre hits you with a giant spiked club!!
* * * LOW HITPOINT WARNING * * *
Casting: Corona
Confirm with . or Enter, or press ? or * to list all spells.
Aiming: Corona
Press: ? - help, Shift-Dir - straight line, f - ogre
Aim: an ogre, wielding a giant spiked club (chance to defeat MR: 40%)
The ogre is outlined in light.
The centaur hits you but does no damage.
The centaur barely misses you.
The ogre hits you with a giant spiked club!
You die...

## ## .# #. .#
#.##.#
####.<#.###...
#...>O@c......
#.##..........
#...#.#.#.##..
#...+.#.# #
#...#...# #..
###.# #.. ..
.. ..


You could see an ogre and a centaur.

Vanquished Creatures
  A phantom (D:4)
  A hound (D:4)
  3 adders
  An ooze (D:3)
  2 worms
  A dart slug (D:1)
  A leopard gecko (D:4)
  7 orcs
  2 giant cockroaches (D:2)
  3 goblins
  2 kobolds (D:1)
  4 bats
  A frilled lizard (D:3)
  A jackal skeleton (D:4)
  2 rats
32 creatures vanquished.

Notes
Turn   | Place    | Note
-------+----------+-------------------------------------------
     0 | D:1      | Iko the Troll Enchanter began the quest for the Orb.
     0 | D:1      | Reached XP level 1. HP: 16/16 MP: 1/1
   234 | D:1      | Reached XP level 2. HP: 19/24 MP: 3/3
   421 | D:2      | Reached XP level 3. HP: 6/31 MP: 2/4
   429 | D:2      | HP: 1/31 [orc/short sword (4)]
   624 | D:3      | Reached skill level 1 in Maces & Flails
   645 | D:3      | Reached XP level 4. HP: 19/40 MP: 3/5
   674 | D:4      | Noticed a phantom
   732 | D:4      | Killed a phantom
   732 | D:4      | Reached skill level 1 in Fighting
   732 | D:4      | Reached XP level 5. HP: 25/48 MP: 4/6
   831 | D:5      | Entered Level 5 of the Dungeon
   831 | D:5      | Noticed a centaur
   831 | D:5      | Noticed an ogre
   840 | D:5      | Mangled by an ogre

Skill      XL: |  1  2  3  4 |
---------------+-------------+-----
Maces & Flails | 1 2 |  2.3
Dodging        | 2 |  2.6
Fighting       | 1 |  1.4
Short Blades   | |  0.7
Stealth        | |  1.9
Spellcasting   | |  1.5
Hexes          | |  2.3

Action                   |  1- 3 |  4- 6 || total
-------------------------+-------+-------++-------
Melee: Short sword       |    16 |       ||    16
       Dagger            |    15 |       ||    15
       Mace              |   115 |    44 ||   159
 Cast: Corona            |     6 |     3 ||     9
  Use: Scroll            |     4 |     1 ||     5
       Potion            |     2 |       ||     2
 Stab: Sleeping          |       |     2 ||     2
  Eat: Ration            |     1 |     1 ||     2
Armor: Robe              |   106 |    21 ||   127
Dodge: Dodged            |   124 |    28 ||   152
